Map: [ESL] Moondance

Players

milkicow - Winner!

  • Race: Terran Terran
  • Spawn Location: 12:00

Harstem

  • Race: Protoss Protoss
  • Spawn Location: 6:00

Event: DreamHack SC2 Masters 2022 Atlanta (Online)

VOD

Have the link to the VOD?

Description

Time

  • Played on: Oct. 7, 2022, 12:37 p.m.
  • Length: 23:18

All games in this series

Show
View Real Time Build Order
Export as new Build Order

milkicow Terran - Winner!

Build Orders:  

Get SALT Encoding   

  12  0:00  SCV  
  13  0:12  SCV  
  14  0:17  Supply Depot  
  14  0:24  SCV  
  15  0:38  SCV  
  15  0:40  Barracks  
  15  0:42  Refinery  
  16  0:50  SCV  
  16  0:52  Refinery  
  17  1:02  SCV  
  18  1:14  SCV  
  19  1:27  Reaper, Orbital Command  
  19  1:29  Supply Depot  
  20  1:40  Factory  
  20  1:52  SCV  
  21  1:59  Barracks Reactor  
  21  2:04  SCV  
  22  2:16  SCV  
  22  2:18  Command Center  
  23  2:25  Factory Tech Lab  
  23  2:30  SCV  
  24  2:37  Marine x2, Starport  
  24  2:42  Supply Depot  
  25  2:44  Widow Mine  
  25  2:47  SCV  
  28  2:55  Marine x2  
  30  2:59  SCV  
  31  3:06  Cyclone  
  31  3:12  SCV  
  33  3:17  Marine x2  
  35  3:22  Viking  
  38  3:27  SCV  
  38  3:39  Cyclone, SCV  
  42  3:42  Marine  
  42  3:46  Marine  
  44  3:51  SCV  
  44  3:55  Orbital Command  
  45  4:01  Marine  
  43  4:03  SCV  
  43  4:04  Marine  
  45  4:11  Siege Tank  
  45  4:14  Viking  
  51  4:18  Supply Depot  
  51  4:20  SCV  
  51  4:22  SCV  
  52  4:24  Marine  
  52  4:26  Marine  
  54  4:32  Supply Depot  
  54  4:39  SCV x2  
  54  4:42  Marine  
  54  4:43  Siege Tank  
  60  4:47  Marine  
  60  4:51  SCV  
  62  4:54  SCV  
  62  4:55  Supply Depot  
  63  5:03  SCV  
  63  5:06  SCV  
  65  5:07  Command Center  
  63  5:14  Marine x2  
  63  5:15  SCV  
  63  5:16  Cyclone  
  63  5:20  Bunker  
  68  5:22  Bunker, SCV  
  68  5:26  Supply Depot  
  69  5:30  SCV  
  69  5:32  Marine  
  70  5:39  SCV  
  70  5:40  Marine  
  70  5:42  SCV  
  70  5:50  Supply Depot, Marine  
  70  5:51  SCV  
  70  5:54  Barracks x2  
  70  5:55  SCV  
  70  5:58  Marine  
  70  6:03  SCV  
  72  6:06  Siege Tank  
  72  6:07  SCV, Marine  
  74  6:11  Starport Tech Lab  
  74  6:16  SCV, Marine  
  75  6:19  SCV  
  75  6:22  Refinery  
  75  6:23  Engineering Bay x2  
  75  6:25  Marine  
  75  6:27  Orbital Command  
  75  6:31  SCV  
  75  6:32  Refinery  
  76  6:33  SCV  
  76  6:34  Marine  
  76  6:43  SCV  
  76  6:45  Starport Reactor  
  76  6:46  SCV  
  75  6:53  Marine  
  67  6:54  Marine  
  67  6:58  Barracks  
  67  6:59  Barracks  
  67  7:00  Terran Infantry Armor Level 1, Terran Infantry Weapons Level 1  
  66  7:02  Stimpack  
  66  7:03  Marine  
  66  7:05  Factory Reactor  
  67  7:09  Combat Shield, Marine  
  67  7:10  Marine, Orbital Command  
  67  7:12  SCV, Marine  
  67  7:13  SCV, Missile Turret  
  68  7:21  Marine  
  68  7:25  SCV  
  68  7:27  Medivac, Marine  
  68  7:28  Medivac, Marine  
  75  7:30  SCV, Marine  
  75  7:35  SCV  
  75  7:37  Missile Turret  
  77  7:38  Marine  
  77  7:40  SCV  
  79  7:45  Marine  
  79  7:46  SCV, Marine  
  79  7:48  Barracks Tech Lab, Marine  
  79  7:49  SCV  
  84  7:52  SCV  
  84  7:53  Factory Tech Lab, Marine  
  84  7:54  Marine  
  84  7:56  Marine  
  84  7:58  SCV  
  85  8:00  Supply Depot, Medivac  
  85  8:01  SCV, Medivac  
  85  8:03  Marine  
  85  8:04  SCV, Marine  
  93  8:06  Marine  
  93  8:09  Armory  
  93  8:10  SCV  
  93  8:11  Marine  
  93  8:12  Marauder, Marine  
  94  8:14  Marine  
  94  8:21  Siege Tank, Marine  
  94  8:22  SCV x2, Marine  
  94  8:25  Ghost Academy  
  94  8:26  SCV, Refinery x2  
  101  8:28  Marine  
  101  8:29  Concussive Shells  
  101  8:32  Supply Depot, Marauder  
  101  8:34  SCV  
  105  8:35  Supply Depot, SCV  
  105  8:36  Supply Depot  
  105  8:41  Marauder, Marine x2  
  105  8:42  Marauder  
  105  8:43  SCV  
  105  8:46  Marine x2  
  105  8:48  SCV  
  115  8:54  Siege Tank  
  115  8:55  Supply Depot  
  118  8:57  Ghost  
  118  9:02  Marine, Ghost x2  
  118  9:03  SCV, Marine  
  118  9:07  Supply Depot  
  118  9:08  Marine x2  
  127  9:19  Command Center  
  127  9:20  Viking, Marine  
  127  9:22  Viking  
  132  9:25  Marine  
  132  9:26  Marauder  
  132  9:30  Supply Depot  
  134  9:32  Siege Tank  
  134  9:37  Armory, Marine  
  134  9:38  Engineering Bay  
  138  9:42  Marine  
  138  9:43  Marauder  
  141  9:49  Viking  
  143  9:53  Marauder, Marine  
  143  9:54  SCV  
  143  9:59  Barracks x2  
  146  10:00  Barracks  
  146  10:03  Marine  
  146  10:04  Marauder  
  147  10:07  Marine  
  147  10:08  SCV, Marauder  
  147  10:10  Siege Tank  
  147  10:11  Viking  
  147  10:12  Enhanced Shockwaves  
  156  10:14  Supply Depot  
  156  10:16  Supply Depot  
  156  10:24  Marauder, Marine  
  156  10:25  Marine  
  156  10:26  SCV, Marauder  
  163  10:30  Marauder, Marine  
  163  10:31  Viking  
  168  10:37  Supply Depot  
  168  10:38  SCV  
  168  10:42  Marine  
  169  10:43  Marine x2  
  169  10:44  Terran Infantry Armor Level 2, Siege Tank  
  169  10:46  Marauder  
  169  10:47  Marauder  
  174  10:51  Marauder  
  174  10:53  Marine  
  174  10:56  Viking, SCV  
  177  10:58  SCV  
  177  10:59  Marine  
  179  11:07  Marauder  
  179  11:09  Marauder  
  163  11:12  Marine  
  163  11:13  Terran Infantry Weapons Level 2, Marauder  
  163  11:17  Marine x2  
  163  11:18  Marine  
  145  11:22  Siege Tank  
  139  11:28  Marauder, Planetary Fortress  
  139  11:29  SCV  
  139  11:30  SCV, Marauder, Marine  
  146  11:34  Marauder  
  146  11:37  Marine  
  146  11:39  Marine  
  149  11:40  Viking x2  
  154  11:48  Barracks Tech Lab x3  
  154  11:49  Ghost  
  154  11:51  Marauder, Marine  
  154  11:53  SCV  
  160  11:55  Ghost  
  160  11:57  Terran Ship Weapons Level 1  
  160  11:59  SCV  
  160  12:01  Siege Tank  
  166  12:06  Ghost  
  168  12:10  Command Center  
  168  12:11  Refinery x2  
  168  12:14  Ghost  
  164  12:26  Ghost  
  151  12:31  Marauder, Marine  
  151  12:32  Ghost  
  151  12:33  Marine  
  151  12:36  Marauder x2, Marine x2  
  153  12:40  SCV, Command Center  
  153  12:41  SCV  
  153  12:43  SCV, Marine  
  157  12:46  Missile Turret  
  157  12:50  Missile Turret  
  157  12:52  Marine x2, Ghost  
  157  12:54  SCV, Medivac  
  157  12:55  Ghost  
  157  12:57  Medivac  
  167  13:05  Marauder, Marine  
  170  13:14  Marine  
  170  13:15  Marauder  
  170  13:16  Terran Infantry Armor Level 3  
  165  13:27  Marine  
  165  13:28  Marauder  
  165  13:29  Medivac, Marauder x2, Marine x2  
  165  13:30  Medivac, Marauder  
  180  13:40  Marine  
  180  13:41  SCV, Marauder  
  183  13:42  SCV, Marauder  
  183  13:45  Marine  
  188  13:51  Marauder, Marine  
  188  13:54  Marine  
  188  13:55  SCV, Marauder  
  193  13:56  SCV  
  194  14:04  Orbital Command  
  194  14:08  Marauder  
  196  14:10  Marauder, Marine  
  196  14:11  SCV  
  196  14:16  Terran Infantry Weapons Level 3  
  198  14:17  Terran Ship Weapons Level 2  
  198  14:20  Starport  
  198  14:21  Fusion Core  
  198  14:26  Marauder  
  184  14:39  Marauder, Marine  
  184  14:44  Marauder, Marine  
  190  14:45  Marine  
  190  14:46  Planetary Fortress, Marine, Marauder x2  
  190  14:47  SCV  
  190  14:50  Marine  
  190  14:51  Marauder  
  200  15:10  Command Center  
  200  15:11  Sensor Tower  
  200  15:27  Command Center  
  196  15:28  Marine  
  196  15:29  Sensor Tower, Marauder  
  195  15:46  Marine  
  195  15:47  Marauder  
  195  15:49  Command Center  
  184  15:50  Marauder, Marine  
  184  15:51  Marauder  
  184  15:52  Marauder  
  184  15:54  Advanced Ballistics, Starport Reactor  
  195  16:00  Marauder, Marine  
  199  16:04  Marine  
  199  16:12  Command Center  
  199  16:14  Command Center  
  199  16:16  Medivac x2  
  197  16:19  Ghost  
  197  16:20  Orbital Command  
  197  16:22  Ghost  
  197  16:23  Marine  
  197  16:24  Marauder  
  197  16:25  Marine  
  193  16:26  Ghost x2  
  193  16:29  Orbital Command, Marine  
  193  16:32  Sensor Tower, Marine  
  194  16:34  Liberator x2  
  198  16:42  Command Center, Orbital Command  
  198  16:44  Ghost  
  200  16:55  Missile Turret  
  200  16:56  Missile Turret  
  200  16:59  Refinery x2  
  200  17:10  Orbital Command  
  200  17:24  Terran Ship Weapons Level 3  
  200  17:35  Ghost  
  196  17:38  Marine  
  196  17:39  Marauder  
  196  17:43  Marine  
  198  17:44  Marauder  
  198  17:46  Orbital Command  
  198  17:50  Ghost  
  200  17:51  Marauder  
  200  18:02  Missile Turret  
  200  18:03  Command Center  
  200  18:11  Ghost  
  189  18:14  Refinery  
  189  18:15  Refinery  
  189  18:18  Marine x2  
  189  18:19  Liberator x2  
  199  18:21  Liberator, Planetary Fortress  
  198  18:30  Liberator  
  198  18:33  SCV  
  193  18:35  Command Center  
  193  18:39  SCV  
  193  18:40  Orbital Command  
  190  18:48  Ghost x2  
  184  18:49  SCV  
  184  18:52  SCV  
  184  18:55  Ghost  
  188  19:02  Liberator  
  184  19:04  Liberator x2  
  184  19:09  Command Center, Hi-Sec Auto Tracking, Neosteel Armor  
  190  19:10  Rapid Reignition System  
  190  19:15  Orbital Command  
  190  19:18  Sensor Tower  
  190  19:19  Liberator  
  190  19:23  Missile Turret  
  193  19:36  Missile Turret  
  193  19:37  Refinery x2  
  189  19:45  Medivac  
  190  19:47  Medivac x2  
  194  19:58  Marauder, Marine  
  196  20:03  SCV x3  
  196  20:04  Liberator, Ghost  
  196  20:05  Marine  
  196  20:14  Liberator  
  199  20:21  Planetary Fortress  
  199  20:33  Orbital Command  
  189  20:37  Liberator  
  189  20:40  Liberator  
  189  20:49  Liberator  
  186  20:54  Ghost  
  182  20:57  Liberator  
  185  21:20  Liberator  
  185  21:23  Liberator  
  175  21:31  Marine  
  175  21:32  Liberator, Marauder  
  178  21:36  Cyclone, Orbital Command  
  178  21:39  Marine  
  163  21:40  Liberator, Marauder  
  163  21:41  Command Center  
  166  21:52  Marauder, Marine  
  169  21:56  Marine  
  169  21:57  Marauder  
  172  22:02  Liberator  
  172  22:06  Liberator, Ghost Academy, Marine  
  172  22:07  Marauder  
  181  22:15  Liberator  
  170  22:23  Liberator  
  170  22:27  Command Center  
  152  22:51  Marauder x2, Marine x2  
  150  22:57  SCV  
Show
View Real Time Build Order
Export as new Build Order

Harstem Protoss 

Build Orders: 1 Gate Expand, Oracle Opening, Phoenix Opening 

Get SALT Encoding   

  12  0:00  Probe  
  13  0:12  Probe  
  14  0:16  Pylon  
  14  0:24  Probe (Chrono Boost)  
  15  0:36  Probe (Chrono Boost)  
  15  0:38  Gateway  
  16  0:44  Probe (Chrono Boost)  
  16  0:46  Assimilator  
  17  0:51  Probe  
  18  1:03  Probe  
  19  1:15  Probe  
  20  1:26  Cybernetics Core  
  21  1:35  Nexus  
  20  1:41  Pylon  
  20  1:43  Probe  
  21  1:49  Assimilator  
  21  1:55  Probe  
  21  1:59  Adept (Chrono Boost)  
  22  2:07  Probe  
  25  2:19  Stargate, Probe  
  25  2:22  Adept  
  28  2:32  Probe  
  29  2:41  Warp Gate  
  30  2:47  Probe (Chrono Boost)  
  30  2:48  Probe (Chrono Boost)  
  31  2:52  Adept  
  34  2:59  Probe x2 (Chrono Boost)  
  34  3:04  Oracle (Chrono Boost)  
  34  3:08  Probe  
  34  3:12  Probe  
  39  3:20  Probe  
  39  3:24  Probe, Pylon  
  41  3:32  Probe  
  40  3:36  Probe  
  40  3:39  Phoenix (Chrono Boost)  
  43  3:44  Robotics Facility, Probe  
  42  3:48  Probe  
  43  3:56  Probe  
  43  4:01  Probe  
  43  4:02  Shield Battery, Phoenix  
  42  4:08  Gateway, Probe  
  45  4:13  Probe, Assimilator  
  45  4:15  Assimilator  
  46  4:19  Pylon  
  46  4:20  Probe  
  47  4:25  Probe  
  47  4:27  Phoenix  
  47  4:30  Pylon  
  47  4:31  Zealot  
  52  4:33  Probe  
  52  4:35  Immortal (Chrono Boost)  
  57  4:41  Pylon  
  57  4:42  Probe  
  58  4:46  Probe  
  58  4:50  Pylon  
  58  4:52  Phoenix  
  59  4:58  Zealot  
  63  5:03  Probe  
  63  5:06  Robotics Bay  
  64  5:10  Stalker  
  66  5:19  Phoenix (Chrono Boost), Zealot  
  68  5:26  Shield Battery  
  68  5:27  Probe  
  67  5:29  Probe  
  67  5:31  Gateway  
  67  5:34  Stalker  
  48  5:35  Phoenix  
  70  5:40  Probe  
  70  5:42  Shield Battery  
  73  5:44  Zealot  
  73  5:45  Probe  
  75  5:50  Pylon  
  72  5:57  Pylon  
  72  6:08  Probe  
  72  6:10  Phoenix (Chrono Boost)  
  75  6:16  Zealot x2  
  76  6:18  Pylon  
  76  6:20  Probe  
  77  6:27  Probe  
  77  6:29  Zealot, Robotics Facility  
  77  6:32  Probe  
  78  6:33  Phoenix (Chrono Boost)  
  78  6:39  Probe  
  80  6:44  Probe  
  75  6:51  Probe  
  70  6:56  Zealot  
  70  6:57  Probe  
  70  6:59  Nexus, Phoenix (Chrono Boost)  
  73  7:03  Probe  
  73  7:07  Pylon  
  74  7:09  Probe  
  74  7:15  Zealot, Sentry, Probe  
  79  7:17  Pylon  
  79  7:21  Probe  
  81  7:24  Zealot  
  81  7:28  Probe  
  84  7:31  Phoenix  
  84  7:33  Probe  
  84  7:36  Zealot  
  89  7:37  Colossus (Chrono Boost)  
  89  7:40  Probe  
  96  7:45  Probe  
  96  7:47  Extended Thermal Lance  
  97  7:52  Probe  
  97  7:56  Phoenix  
  97  7:57  Zealot x3  
  106  7:58  Probe  
  106  8:04  Probe, Pylon  
  106  8:19  Zealot x2  
  109  8:21  Phoenix  
  109  8:22  Assimilator  
  109  8:24  Forge  
  109  8:25  Colossus (Chrono Boost)  
  110  8:29  Zealot  
  118  8:35  Twilight Council  
  118  8:42  Zealot, Sentry  
  122  9:01  Nexus, Colossus (Chrono Boost)  
  122  9:02  Protoss Ground Weapons Level 1 (Chrono Boost)  
  126  9:11  Charge (Chrono Boost), Zealot x2, Pylon  
  126  9:13  Photon Cannon  
  130  9:18  Templar Archives  
  130  9:25  Gateway  
  130  9:27  Gateway  
  130  9:30  Gateway  
  130  9:35  Pylon  
  130  9:45  Disruptor (Chrono Boost)  
  130  9:48  Pylon  
  130  9:49  Robotics Facility  
  133  9:55  Sentry x2  
  133  9:56  Stalker  
  139  10:07  Disruptor (Chrono Boost), Shield Battery  
  142  10:15  Probe  
  142  10:17  Pylon  
  143  10:23  Shield Battery  
  143  10:24  Zealot x4, Photon Cannon, Stalker  
  143  10:27  Zealot  
  149  10:48  Zealot x4  
  153  10:53  Disruptor (Chrono Boost)  
  155  10:59  Disruptor (Chrono Boost)  
  153  11:13  Zealot x4  
  153  11:16  Protoss Ground Armor Level 1 (Chrono Boost)  
  147  11:20  Disruptor (Chrono Boost), Probe  
  147  11:21  Probe x2  
  149  11:26  Forge  
  149  11:27  Zealot, High Templar  
  152  11:34  Disruptor (Chrono Boost)  
  152  11:35  Shield Battery  
  152  11:36  High Templar  
  152  11:38  Photon Cannon  
  152  11:39  Pylon x2  
  154  11:49  Probe  
  154  11:51  Assimilator  
  154  11:52  Archon  
  155  11:55  Assimilator  
  155  11:57  Probe  
  157  12:02  Pylon  
  157  12:04  High Templar x3  
  157  12:05  High Templar  
  164  12:08  Pylon  
  164  12:11  Archon x2, Gateway, Pylon  
  164  12:13  Gateway  
  164  12:15  Pylon  
  162  12:19  Immortal  
  162  12:20  Immortal  
  162  12:21  Pylon  
  149  12:30  Zealot x2  
  153  12:38  Probe  
  153  12:39  Protoss Ground Weapons Level 2 (Chrono Boost)  
  153  12:42  Stalker x4  
  162  12:44  Blink  
  162  12:50  Zealot x2  
  166  12:53  Probe  
  166  12:58  Immortal  
  171  13:05  Pylon  
  169  13:06  Protoss Ground Armor Level 2 (Chrono Boost), Zealot x2, Stalker  
  169  13:10  Nexus  
  172  13:13  Pylon  
  172  13:14  Pylon  
  164  13:32  Zealot x8  
  180  13:41  Disruptor (Chrono Boost)  
  176  13:43  Shield Battery  
  176  13:45  Photon Cannon  
  176  13:48  Probe  
  180  13:50  Dark Shrine  
  180  13:52  Pylon  
  176  14:12  Probe  
  176  14:14  Stalker x6  
  176  14:16  Disruptor (Chrono Boost)  
  185  14:32  Disruptor  
  188  14:43  Stalker  
  188  14:45  Disruptor  
  186  14:47  Zealot  
  186  14:50  Pylon  
  186  14:52  Probe x2  
  193  14:53  Probe x2  
  193  14:56  Stalker x2  
  193  14:59  Protoss Ground Weapons Level 3 (Chrono Boost)  
  197  15:04  Probe  
  197  15:06  Probe  
  199  15:13  Probe  
  129  15:14  Shadow Stride (Chrono Boost)  
  198  15:20  Stalker x6  
  198  15:28  Dark Templar  
  198  15:49  Probe  
  193  15:52  Photon Cannon  
  193  15:54  Photon Cannon  
  192  15:58  Dark Templar, Photon Cannon  
  192  15:59  Dark Templar x2  
  192  16:05  Stalker x5  
  186  16:29  Probe  
  186  16:30  Dark Templar  
  186  16:32  Dark Templar, Photon Cannon  
  191  16:34  Protoss Ground Armor Level 3 (Chrono Boost)  
  191  16:36  Disruptor (Chrono Boost), Photon Cannon  
  191  16:43  Assimilator  
  191  16:46  Disruptor (Chrono Boost)  
  197  16:48  Assimilator  
  197  16:55  Assimilator, Pylon x2  
  197  16:57  Nexus  
  197  16:59  Assimilator  
  193  17:16  Pylon  
  192  17:24  Dark Templar  
  192  17:25  Dark Templar  
  192  17:27  Dark Templar  
  198  17:42  Probe  
  198  18:12  Nexus  
  195  18:20  Gravitic Drive  
  195  18:23  Pylon x2  
  195  18:29  Pylon x2  
  195  18:31  Dark Templar  
  195  18:33  Pylon  
  191  18:43  Dark Templar x4  
  191  18:45  Protoss Air Weapons Level 1  
  199  18:52  Photon Cannon x2  
  199  18:54  Photon Cannon  
  199  18:55  Photon Cannon  
  197  18:56  Photon Cannon  
  197  18:57  Photon Cannon  
  197  18:59  Shield Battery, Photon Cannon  
  197  19:00  Photon Cannon  
  192  19:06  Assimilator  
  192  19:11  Photon Cannon  
  192  19:12  Photon Cannon  
  192  19:14  Shield Battery  
  192  19:15  Photon Cannon x2  
  192  19:16  Zealot x4  
  192  19:17  Gravitic Boosters, Pylon  
  200  19:28  Stalker  
  192  19:57  Dark Templar  
  186  20:16  Dark Templar  
  186  20:17  Dark Templar x6  
  186  20:21  Gateway  
  200  20:22  Gateway  
  200  20:26  Gateway  
  200  20:27  Gateway  
  200  20:30  Pylon  
  200  20:34  Fleet Beacon  
  200  20:35  Stargate  
  180  20:37  Dark Templar  
  160  20:45  Disruptor (Chrono Boost)  
  158  20:52  Disruptor (Chrono Boost)  
  158  20:56  Dark Templar  
  158  20:57  Dark Templar  
  153  20:59  Zealot x5  
  151  21:11  Colossus (Chrono Boost)  
  151  21:13  Dark Templar  
  159  21:21  Disruptor (Chrono Boost)  
  160  21:27  Dark Templar  
  160  21:28  Dark Templar  
  160  21:29  Dark Templar x2  
  161  21:33  Probe  
  159  21:50  Zealot x4  
  159  21:51  Disruptor (Chrono Boost), Probe  
  158  22:04  Probe  
  152  22:13  Dark Templar  
  152  22:14  Dark Templar x2  
  151  22:18  Stalker x3  
  135  22:23  Probe  
  135  22:25  Probe  
  135  22:27  Pylon  
  137  22:30  Pylon  
  133  22:42  Zealot x3  
  122  22:48  Stalker  
  122  22:49  Probe  
  102  22:53  Gateway  
  102  22:55  Gateway  
  102  22:56  Gateway x2  
Tags
 
Add a new tag
Caveats
  • Supply blocks, unpowered buildings, or Contaminate may cause inaccurate times.
  • Supply counts are checked every 10 seconds.